 Dungeon Crawl Stone Soup version 0.22-a0-456-g11ed031617 (webtiles) character file.

133907 RedPan the Blocker (level 17, -4/106 HPs)
             Began as a Gargoyle Earth Elementalist on June 6, 2018.
             Was a High Priest of Vehumet.
             Killed from afar by an ice dragon (22 damage)
             ... with a blast of cold
             ... on level 1 of the Shoals on June 7, 2018.
             The game lasted 02:31:53 (38983 turns).

RedPan the Blocker (Gargoyle Earth Elementalist)   Turns: 38983, Time: 02:31:54

Health: -4/106     AC: 22    Str: 14    XL:     17   Next: 15%
Magic:  6/42       EV: 12    Int: 21    God:    Vehumet [*****.]
Gold:   1705       SH: 12    Dex: 10    Spells: 6/40 levels left

rFire    . . .     SeeInvis .   s - +4 whip (elec)
rCold    . . .     Gourm    +   S - +0 shield
rNeg     + . .     Faith    .   G - +2 robe {MR+}
rPois    ∞         Spirit   .   r - +1 hat
rElec    +         Reflect  .   a - scarf {repulsion}
rCorr    .         Harm     .   (no gloves)
MR       ++...                  P - +2 pair of boots {Stlth+}
Stlth    ++++......             e - amulet of the gourmand
HPRegen  0.27/turn              V - ring of magical power
MPRegen  0.28/turn              B - ring of Shadows {Umbra +Inv Stlth+}

@: flying, wreathed by umbra, studying 3 skills, repel missiles
A: big wings, negative energy resistance 1, electricity resistance, unbreathing,
petrification resistance, rot immunity, AC +12
a: Stop Flying, Renounce Religion, Evoke Invisibility


You were on level 1 of the Shoals.
You worshipped Vehumet.
Vehumet was extremely pleased with you.
You were full.

You visited 5 branches of the dungeon, and saw 25 of its levels.
You also visited: Labyrinth, Bailey and Ice Cave.

You collected 2340 gold pieces.
You spent 635 gold pieces at shops.

Inventory:

Hand Weapons
 g - the +7 quarterstaff of the Puffin {crush, rF+ Int+3}
   (You found it on level 4 of the Dungeon)

   It inflicts extra damage upon your enemies.
   It affects your intelligence (+3).
   It protects you from fire.
 s - a +4 whip of electrocution (weapon)
Missiles
 b - 296 stones (quivered)
Armour
 a - a scarf of repulsion (worn)
 r - a +1 hat (worn)
 G - a +2 robe of magic resistance (worn)
 M - a +0 large shield
 P - a +2 pair of boots of stealth (worn)
 S - a +0 shield (worn)
 T - the +2 leather armour of the Lion {Dex+4}
   (You bought it in a shop on level 2 of the Orcish Mines)

   It affects your dexterity (+4).
Jewellery
 c - an uncursed amulet of magic regeneration {unknown}
 e - an amulet of the gourmand (around neck)
 i - a +5 amulet of reflection
 w - an uncursed ring of see invisible
 B - the ring of Shadows (right hand) {Umbra +Inv Stlth+}
   (You found it in a bailey)

   [ring of stealth]

   It lets you turn invisible.
   It makes you more stealthy.
 H - an uncursed ring of fire {unknown}
 O - an uncursed ring of ice
 V - a ring of magical power (left hand)
Wands
 h - a wand of random effects (52)
 t - a wand of flame (89)
 z - a wand of polymorph (11)
 I - a wand of iceblast (17)
Scrolls
 f - 3 scrolls of fear
 j - 5 scrolls of amnesia
 n - 4 scrolls of enchant weapon
 p - 3 scrolls of teleportation
 u - a scroll of enchant armour
 v - 3 scrolls of identify
 A - 3 scrolls of remove curse
 F - a scroll of fog
 Q - a scroll of brand weapon {unknown}
 R - 2 scrolls of blinking
Potions
 k - 2 potions of might
 l - 8 potions of curing
 m - a potion of mutation
 o - 2 potions of brilliance
 x - 2 potions of heal wounds
 D - 3 potions of resistance
 J - 3 potions of agility
 K - a potion of lignification
 N - 2 potions of cancellation
 U - 2 potions of haste
Books
 q - a manual of Crossbows
 y - a manual of Charms
 C - a manual of Axes
Miscellaneous
 E - a phantom mirror
Comestibles
 d - 55 rations


   Skills:
 + Level 12.1 Fighting
 - Level 2.1 Maces & Flails
 - Level 11.7 Armour
 - Level 1.5 Dodging
 - Level 2.1 Stealth
 * Level 14.2 Shields
 - Level 12.0 Spellcasting
 + Level 12.4 Conjurations
 + Level 5.4 Summonings
 - Level 3.0 Transmutations
 - Level 7.0 Fire Magic
 - Level 11.1 Earth Magic


You had 6 spell levels left.
You knew the following spells:

 Your Spells              Type           Power        Failure   Level  Hunger
a - Sandblast             Erth           ######       1%          1    None
b - Passwall              Tmut/Erth      #####...     1%          2    None
c - Stone Arrow           Conj/Erth      ######       1%          3    None
d - Petrify               Tmut/Erth      #####...     3%          4    None
e - Lee's Rapid Deconstr  Erth           ######....   1%          5    ####...
f - Fireball              Conj/Fire      ######....   1%          5    ####...
g - Orb of Destruction    Conj           ######....   8%          7    #######
h - Spellforged Servitor  Conj/Summ      ######....   30%         7    #######

Your spell library contained the following spells:

 Spells                   Type           Power        Failure   Level  Hunger
 Magic Dart               Conj           ####         1%          1    None
 Apportation              Tloc           ##....       5%          1    None
 Conjure Flame            Conj/Fire      ######..     1%          3    None
 Confuse                  Hex            ##......     17%         3    None
 Invisibility             Hex            ##......     100%        6    #####..
 Throw Flame              Conj/Fire      ######       1%          2    None
 Freezing Cloud           Conj/Ice/Air   ####......   36%         6    #####..
 Mephitic Cloud           Conj/Pois/Air  ####....     1%          3    None
 Ring of Flames           Chrm/Fire      ####......   100%        7    #######
 Summon Small Mammal      Summ           ####         1%          1    None
 Animate Dead             Necr           N/A          50%         4    None
 Pain                     Necr           ##..         5%          1    None
 Animate Skeleton         Necr           N/A          5%          1    None
 Vampiric Draining        Necr           ##........   17%         3    None
 Sticky Flame             Conj/Fire      ######..     1%          4    None
 Regeneration             Chrm/Necr      ##........   17%         3    None
 Sting                    Conj/Pois      ####         1%          1    None
 Tukima's Dance           Hex            ##......     17%         3    None
 Confusing Touch          Hex            ##....       5%          1    None
 Flame Tongue             Conj/Fire      #####        1%          1    None
 Ensorcelled Hibernation  Hex/Ice        ##....       9%          2    None
 Summon Butterflies       Summ           #####...     1%          1    None
 Corona                   Hex            ##.....      5%          1    None
 Alistair's Intoxication  Tmut/Pois      ###.....     63%         5    ####...
 Conjure Ball Lightning   Conj/Air       #####.....   17%         6    #####..
 Portal Projectile        Hex/Tloc       ##....       17%         3    None
 Inner Flame              Hex/Fire       ####....     1%          3    None
 Dazzling Spray           Conj/Hex       #####.       1%          3    None
 Summon Guardian Golem    Hex/Summ       ###.....     5%          3    None
 Lesser Beckoning         Tloc           ##........   17%         3    None
 Poisonous Vapours        Pois/Air       ##....       9%          2    None
 Borgnjor's Vile Clutch   Necr/Erth      #####.....   16%         5    ####...


Dungeon Overview and Level Annotations

Branches:
Dungeon (15/15)            Temple (1/1) D:4            Lair (6/6) D:10
 Shoals (1/4) Lair:2        Snake (0/4) Lair:4        Slime (0/5) Lair:6
    Orc (2/2) D:10            Elf (0/3) Orc:2        Vaults (0/5) D:13
 Depths (0/5) D:15

Altars:
Ashenzari
Cheibriados
Dithmenos
Elyvilon
Fedhas
Gozag
Hepliaklqana
Kikubaaqudgha
Makhleb
Nemelex Xobeh
Okawaru
Qazlal
Ru
Sif Muna
Trog
Uskayaw
Vehumet
Wu Jian
Xom
Yredelemnul
Zin
The Shining One
Jiyva

Shops:
D:10 (   Orc:2 =(*[

Annotations:
D:15 exclusion: Roxanne, Roxanne
Lair:2 Aizul
Lair:3 Kriby's ghost, journeyman DsWz
Lair:4 exclusion: oklob plant


Innate Abilities, Weirdness & Mutations

You are resistant to torment.
Your stone body is resilient. (AC +12)
You are immune to poison.
Your large and strong wings let you fly indefinitely.
You resist negative energy. (rN+)
You are resistant to electric shocks. (rElec)
You can survive without breathing.
You are immune to petrification.
You are immune to rotting.


Message History

Press: ? - help, Shift-Dir - straight line, f/p - ice dragon
Aim: an ice dragon (water, severely wounded)
The stone arrow misses the ice dragon.
Casting: Stone Arrow (safe; 1% risk of failure)
Confirm with . or Enter, or press ? or * to list all spells.
Aiming: Stone Arrow (safe; 1% risk of failure)
Press: ? - help, Shift-Dir - straight line, f/p - ice dragon
Aim: an ice dragon (severely wounded, umbra)
The stone arrow misses the ice dragon.
Your spellforged servitor launches a ball of destructive magic.
Casting: Stone Arrow (safe; 1% risk of failure)
Confirm with . or Enter, or press ? or * to list all spells.
Aiming: Stone Arrow (safe; 1% risk of failure)
Press: ? - help, Shift-Dir - straight line, f/p - ice dragon
Aim: an ice dragon (severely wounded, umbra)
The stone arrow hits the ice dragon.
The ice dragon is almost dead.
The ice dragon breathes frost at you. The blast of cold hits you!
You die...

≈≈..≈≈≈≈≈≈≈≈≈≈≈≈≈≈≈≈≈≈##≈≈#≈≈≈≈[#
≈≈...≈≈≈≈......≈≈≈≈...#8≈≈#≈≈≈≈≈#
≈≈≈≈.≈≈≈.≈≈≈≈≈≈≈≈≈....##≈≈#≈≈≈≈≈#
≈≈≈≈≈≈≈≈≈≈≈≈≈≈≈.......#8≈≈≈≈≈≈≈≈#
≈≈≈≈≈≈≈≈≈≈≈≈≈≈≈.......##≈≈#≈≈≈≈≈#
≈≈≈≈≈≈≈≈≈≈≈≈≈≈........#≈≈≈#≈≈≈≈≈#
≈≈≈≈≈≈≈≈≈≈≈≈≈≈........##≈≈#≈≈≈≈≈#
≈≈≈≈≈≈≈≈≈≈≈≈≈≈.....≈..#≈≈≈#######
≈≈≈≈≈≈≈≈≈≈≈≈≈≈≈8@.≈≈≈≈##≈≈≈≈≈≈≈≈≈
≈≈P≈≈≈≈≈≈≈≈≈≈≈*§≈≈≈≈≈≈≈##≈≈≈≈≈≈≈≈
≈≈≈≈≈≈≈≈≈≈≈≈≈≈D≈≈≈≈≈≈≈≈≈###8#≈#≈#
≈≈≈≈.≈≈≈§≈§≈≈≈≈≈≈≈≈≈≈≈≈≈≈#######
≈P≈.≈≈≈≈≈§≈≈≈≈≈≈≈≈≈≈≈≈≈≈≈≈≈≈≈≈≈
PP≈≈≈≈≈≈≈§≈≈≈≈≈≈≈≈≈≈≈≈≈≈≈≈≈≈≈≈
≈.P≈≈≈§§≈≈≈≈≈≈≈≈≈≈≈≈≈≈≈≈≈≈≈≈≈
≈≈≈≈≈≈§§§≈≈≈≈≈≈≈≈≈≈≈≈≈≈≈≈≈≈≈
.≈≈≈≈≈≈≈≈≈≈≈≈≈≈≈≈≈≈≈≈≈≈≈≈≈≈≈


You could see an ice dragon and a friendly spellforged servitor.

Vanquished Creatures
  Nikola (Lair:2)
  2 orc warlords (Orc:1)
  A stone giant (Orc:2)
  A minotaur (Lab)
  A dire elephant (D:15)
  2 merfolk javelineers (Shoals:1)
  4 merfolk impalers (Shoals:1)
  2 slime creatures (D:15)
  7 hydras
  3 centaur warriors
  2 merfolk aquamancers
  A merfolk avatar (Lair:6)
  An ogre mage (D:15)
  7 two-headed ogres
  3 death yaks (D:10)
  The ghost of Ordine the Thaumaturge, a journeyman DEWz of Sif Muna (D:11)
  Sonja (D:15)
  Nergalle (Lair:3)
  3 orc high priests
  8 sea snakes
  An unseen horror (D:14)
  A necromancer (D:13)
  A deep elf mage (D:13)
  4 harpies
  A wolf spider (D:15)
  Pikel (D:7)
  5 orc knights
  16 ugly things
  3 fauns (Shoals:1)
  7 orc sorcerers
  A salamander (D:15)
  5 cyclopes
  9 manticores
  2 merfolk sirens (Shoals:1)
  3 black mambas
  2 water nymphs (Shoals:1)
  Joseph (D:7)
  4 elephants (Lair:6)
  A gargoyle (D:14)
  7 spiny frogs
  Psyche (D:8)
  4 centaur skeletons
  A freezing wraith (D:13)
  An efreet (D:14)
  5 kobold demonologists
  8 komodo dragons
  8 rime drakes
  A wind drake (Lair:2)
  2 ice devils (D:11)
  2 queen bees
  10 merfolk
  8 polar bears
  2 hornets
  7 trolls
  3 snapping turtles (Shoals:1)
  7 hippogriffs
  3 dream sheep (Shoals:1)
  A meliai zombie (D:13)
  8 blink frogs
  A shadow (D:13)
  A centaur simulacrum (D:15)
  3 water elementals
  Sigmund (D:5)
  4 fire bats (Lair:5)
  2 spriggans (Lair:4)
  2 wyverns
  33 yaks
  2 basilisks
  2 wraiths
  4 hungry ghosts
  2 vampire mosquitoes (D:15)
  An acid dragon (D:13)
  4 wargs
  18 water moccasins
  A soldier ant (D:13)
  4 porcupines
  5 black bears
  A hornet zombie (D:10)
  40 orc warriors
  5 ice beasts
  6 phantoms
  6 sky beasts
  A necrophage (D:12)
  12 centaurs
  10 wolves
  8 ogres
  5 crocodiles
  20 big kobolds
  15 bullfrogs
  A wyvern zombie (D:13)
  A gnoll sergeant (D:9)
  2 scorpions
  A wyvern skeleton (D:14)
  59 killer bees
  3 wights (D:10)
  3 howler monkeys (D:14)
  An electric eel (Lair:5)
  3 centaur zombies
  5 crimson imps
  4 bullfrog zombies
  8 hounds
  5 jellies
  23 orc priests
  3 bullfrog skeletons
  22 orc wizards
  2 iguanas
  3 hell rats (Lair:1)
  A statue (D:6)
  11 worker ants
  7 gnolls
  A worker ant zombie (D:9)
  14 adders
  2 howler monkey skeletons
  7 river rats
  4 shadow imps
  4 worms
  3 dart slugs (D:1)
  2 leopard geckos
  86 orcs
  8 bats
  3 giant cockroaches
  19 goblins
  8 hobgoblins
  13 jackals
  3 quokkas
  5 ball pythons
  5 frilled lizards
  40 kobolds
  2 quokka zombies
  17 rats
  A butterfly (Lair:6)
  A fire vortex (Lair:5)
844 creatures vanquished.

Vanquished Creatures (collateral kills)
  A fire dragon (Shoals:1)
  A merfolk aquamancer (Shoals:1)
2 creatures vanquished.

Vanquished Creatures (others)
  A spiny frog (Lair:6)
  A wyvern (Lair:6)
  A hound (D:7)
  2 orcs
  A bush (Shoals:1)
  8 fungi
  11 plants
25 creatures vanquished.

Grand Total: 871 creatures vanquished

Notes
Turn   | Place    | Note
-------+----------+-------------------------------------------
     0 | D:1      | RedPan the Gargoyle Earth Elementalist began the quest for the Orb.
     0 | D:1      | Reached XP level 1. HP: 10/10 MP: 3/3
   255 | D:1      | Reached XP level 2. HP: 15/15 MP: 5/5
   569 | D:1      | Reached XP level 3. HP: 17/19 MP: 6/6
  1124 | D:2      | Learned a level 2 spell: Passwall
  1128 | D:2      | Learned a level 3 spell: Stone Arrow
  1480 | D:2      | Reached skill level 5 in Earth Magic
  1577 | D:3      | Reached XP level 4. HP: 19/24 MP: 2/7
  1581 | D:3      | Reached skill level 1 in Transmutations
  2055 | D:3      | Reached skill level 1 in Conjurations
  2149 | D:3      | Reached XP level 5. HP: 16/28 MP: 6/9
  2455 | D:3      | Found a snail-covered altar of Cheibriados.
  2735 | D:4      | Found an ornate altar of the Wu Jian Council.
  2878 | D:3      | Learned a level 4 spell: Petrify
  2976 | D:4      | Found a staircase to the Ecumenical Temple.
  2986 | Temple   | Entered the Ecumenical Temple
  3275 | D:4      | Got a blackened quarterstaff
  3276 | D:4      | Identified the +7 quarterstaff of the Puffin {crush, rF+ Int+3} (You found it on level 4 of the Dungeon)
  3421 | D:4      | Found a blossoming altar of Fedhas.
  3548 | D:4      | Reached XP level 6. HP: 32/32 MP: 5/10
  3678 | D:4      | You fall through a shaft!
  3678 | D:5      | Entered Level 5 of the Dungeon
  3693 | D:5      | Noticed a phantom
  3700 | D:5      | Killed a phantom
  3748 | D:5      | Found a burning altar of Makhleb.
  3890 | D:5      | Reached XP level 7. HP: 36/36 MP: 9/12
  3983 | D:5      | Noticed Sigmund
  3994 | D:5      | Killed Sigmund
  4248 | D:5      | Found an iron altar of Okawaru.
  4276 | D:5      | Reached XP level 8. HP: 18/41 MP: 10/14
  4571 | D:5      | Found a hazy altar of Hepliaklqana.
  4580 | D:5      | Found an opulent altar of Gozag.
  4584 | D:5      | Found an ancient bone altar of Kikubaaqudgha.
  4933 | D:6      | Reached skill level 1 in Fighting
  4941 | D:6      | Found a radiant altar of Vehumet.
  4958 | D:6      | Reached skill level 1 in Armour
  4960 | D:6      | Became a worshipper of Vehumet
  5345 | D:6      | Found a shattered altar of Ashenzari.
  5789 | D:7      | Reached skill level 5 in Spellcasting
  5789 | D:7      | Reached XP level 9. HP: 35/49 MP: 12/16
  5798 | D:7      | Reached skill level 5 in Conjurations
  5898 | D:7      | Noticed Pikel
  5906 | D:7      | Learned a level 5 spell: Lee's Rapid Deconstruction
  5909 | D:7      | Killed Pikel
  6056 | D:7      | Noticed Joseph
  6073 | D:7      | Killed Joseph
  6077 | D:7      | Reached * piety under Vehumet
  6077 | D:7      | Offered knowledge of Magic Dart by Vehumet.
  7141 | D:8      | Noticed Psyche
  7169 | D:8      | Reached XP level 10. HP: 57/58 MP: 19/19
  7201 | D:8      | Killed Psyche
  7201 | D:8      | Reached skill level 5 in Fighting
  7201 | D:8      | Reached skill level 5 in Armour
  7201 | D:8      | Reached skill level 10 in Earth Magic
  7308 | D:8      | Offered knowledge of Sting by Vehumet.
  7308 | D:8      | Reached ** piety under Vehumet
  7520 | D:8      | Noticed a two-headed ogre
  8908 | D:9      | Found a flagged portal.
  8919 | Bailey   | Entered a bailey
  8941 | Bailey   | Noticed an orc warlord
  8944 | Bailey   | Found the ring of Shadows {Umbra +Inv Stlth+}
  9025 | Bailey   | Noticed an orc knight
  9041 | Bailey   | Killed an orc knight
  9041 | Bailey   | Offered knowledge of Mephitic Cloud by Vehumet.
  9246 | Bailey   | Found a runed gate.
  9254 | Bailey   | Found a runed gate.
  9255 | Bailey   | Found a runed gate.
  9305 | Bailey   | Reached *** piety under Vehumet
  9638 | D:9      | Noticed a two-headed ogre
  9653 | D:9      | Killed a two-headed ogre
  9886 | D:9      | Found a sacrificial altar of Ru.
 10137 | D:9      | Offered knowledge of Olgreb's Toxic Radiance by Vehumet.
 10145 | D:9      | Reached XP level 11. HP: 48/66 MP: 15/22
 10459 | D:9      | Found a glowing silver altar of Zin.
 10482 | D:9      | Identified a scroll of acquirement
 10485 | D:10     | Entered Level 10 of the Dungeon
 10485 | D:10     | Found Ovybla Gune's Weapon Boutique.
 10485 | D:10     | Found a staircase to the Orcish Mines.
 10967 | D:9      | Reached **** piety under Vehumet
 11265 | D:10     | Noticed a death yak
 11358 | D:10     | Offered knowledge of Iskenderun's Battlesphere by Vehumet.
 12080 | D:10     | Found a staircase to the Lair.
 12096 | D:10     | Killed a death yak
 12096 | D:10     | Noticed a death yak
 12096 | D:10     | Noticed a death yak
 12640 | D:11     | Reached XP level 12. HP: 55/75 MP: 12/24
 12845 | D:11     | Noticed Ordine's ghost (journeyman DEWz)
 12847 | D:11     | Reached ***** piety under Vehumet
 12866 | D:11     | Killed Ordine's ghost
 12954 | D:11     | Noticed a six-headed hydra
 12964 | D:11     | Offered knowledge of Bolt of Magma by Vehumet.
 13078 | D:11     | Killed a six-headed hydra
 13141 | D:11     | Found a frozen archway.
 13226 | IceCv    | Entered an ice cave
 14020 | Lair:1   | Entered Level 1 of the Lair of Beasts
 15522 | Lair:2   | Found a staircase to the Shoals.
 15750 | Lair:2   | Reached skill level 10 in Armour
 15761 | Lair:2   | Reached skill level 10 in Fighting
 16004 | Lair:3   | Noticed Kriby's ghost (journeyman DsWz)
 16452 | Lair:3   | Noticed Nergalle
 16488 | Lair:3   | Killed Nergalle
 17276 | Lair:3   | Reached XP level 13. HP: 83/83 MP: 26/26
 17290 | Lair:3   | Offered knowledge of Sticky Flame by Vehumet.
 17438 | Lair:3   | Learned a level 5 spell: Fireball
 17580 | Lair:3   | Reached skill level 10 in Spellcasting
 17782 | Lair:4   | Reached skill level 10 in Conjurations
 17782 | Lair:4   | Reached skill level 1 in Fire Magic
 18424 | Lair:4   | Got a steaming robe
 18435 | Lair:4   | Identified the cursed +0 robe "Ziogeu" {Str+4 Dex+3} (You found it on level 4 of the Lair of Beasts)
 19164 | Lair:4   | Found a staircase to the Snake Pit.
 20408 | Lair:6   | Entered Level 6 of the Lair of Beasts
 20537 | Lair:5   | Offered knowledge of Bolt of Draining by Vehumet.
 21638 | Lair:6   | Gained mutation: Your large and strong wings let you fly indefinitely. [Gargoyle growth]
 21638 | Lair:6   | Reached XP level 14. HP: 34/91 MP: 0/28
 21920 | Lair:6   | Reached skill level 7 in Shields
 21920 | Lair:6   | Reached XP level 15. HP: 93/96 MP: 26/29
 21962 | Lair:6   | Found a viscous altar of Jiyva.
 21962 | Lair:6   | Found a staircase to the Slime Pits.
 21972 | Lair:6   | Reached skill level 5 in Fire Magic
 22426 | Lair:6   | Identified Ziris's Handbook of Combat Magic
 23073 | Lair:6   | Reached skill level 8 in Shields
 24143 | D:12     | Found a labyrinth entrance.
 24161 | Lab      | Entered a labyrinth
 25083 | Lab      | Identified the Reference Book on Evil Execration
 25183 | D:12     | Reached skill level 9 in Shields
 25620 | D:12     | Reached skill level 1 in Maces & Flails
 26094 | Orc:1    | Entered Level 1 of the Orcish Mines
 26179 | Orc:2    | Entered Level 2 of the Orcish Mines
 26725 | Orc:2    | Noticed an orc warlord
 27593 | Orc:2    | Noticed an orc warlord
 27698 | Orc:1    | Learned a level 7 spell: Orb of Destruction
 27775 | Orc:1    | Killed an orc warlord
 27775 | Orc:1    | Reached skill level 10 in Shields
 28030 | Orc:2    | Offered knowledge of Ozocubu's Refrigeration by Vehumet.
 28216 | Orc:2    | Found a staircase to the Elven Halls.
 29352 | Orc:2    | Noticed an orc warlord
 29940 | Orc:1    | Reached skill level 11 in Shields
 30236 | Orc:1    | Killed an orc warlord
 31011 | Orc:2    | Offered knowledge of Spellforged Servitor by Vehumet.
 31020 | Orc:2    | Learned a level 7 spell: Spellforged Servitor
 31197 | Orc:2    | Found Ushrihorr's Antique Armour Emporium.
 31198 | Orc:2    | Found Qyboim's Antique Weapon Emporium.
 31199 | Orc:2    | Found Imash's General Store.
 31199 | Orc:2    | Found Saaskor's Jewellery Shoppe.
 31203 | Orc:2    | Bought a potion of heal wounds for 65 gold pieces
 31203 | Orc:2    | Bought a scroll of blinking for 97 gold pieces
 31213 | Orc:2    | Bought a shimmering leather armour for 133 gold pieces
 31224 | Orc:2    | Bought an uncursed ring of magical power for 340 gold pieces
 31404 | Orc:2    | Identified the +2 leather armour of the Lion {Dex+4} (You bought it in a shop on level 2 of the Orcish Mines)
 31926 | D:13     | Reached skill level 1 in Summonings
 32051 | D:13     | Found a gate to the Vaults.
 32627 | D:13     | Reached XP level 16. HP: 101/101 MP: 31/31
 33166 | D:14     | Reached skill level 12 in Shields
 33915 | D:15     | Entered Level 15 of the Dungeon
 34040 | D:15     | Found a staircase to the Depths.
 34339 | D:15     | Noticed Sonja
 34344 | D:15     | Killed Sonja
 34357 | D:15     | Offered knowledge of Poison Arrow by Vehumet.
 34991 | D:15     | Reached skill level 13 in Shields
 35557 | D:15     | Noticed Roxanne
 36021 | Shoals:1 | Entered Level 1 of the Shoals
 36021 | Shoals:1 | Noticed Nikola
 36404 | Lair:2   | Killed Nikola
 37291 | Shoals:1 | Noticed Aizul
 37742 | Shoals:1 | Reached skill level 5 in Summonings
 37885 | Shoals:1 | Reached XP level 17. HP: 106/106 MP: 33/33
 38086 | Shoals:1 | Reached skill level 14 in Shields
 38983 | Shoals:1 | Killed from afar by an ice dragon

Vault maps used:
D:1:      dpeg_arrival_fog, minmay_pentomino_z4
D:2:      first_ration, kennysheep_generic_room_16
D:3:      cheibriados_altar_1, minmay_misc_feat_tower
D:4:      lemuel_round_altar, kennysheep_mini_moat, minmay_temple_entry_trees
D:5:      okawaru_gym_becter, minmay_overflow_temple_star_quad,
          kennysheep_pointless_box, makhleb_heckhound_becter, uniq_sigmund
D:6:      nicolae_ashenzari_panopticon, vehumet_statue, kennysheep_path_1
D:7:      kennysheep_generic_room_8, uniq_pikel, uniq_joseph
D:8:      uniq_psyche
D:9:      zin_statuary, lemuel_doored_altar, enter_bailey_3
D:10:     dpeg_lair_monsters, orc_david_3, special_room, david_nohive_1
D:11:     portal_ice_cave_demonic_guard, lemuel_statue_altar
D:12:     lab_entry_generic, minivault_19
D:13:     david_vaults_1
D:15:     hangedman_depths_entry_try_elsewhere_first, minmay_misc_feat_encased,
          uniq_roxanne, uniq_sonja
Temple:   minmay_temple_curvy_loop
Lair:1:   serial_bayou_pond_c, kennysheep_abandoned_house
Lair:2:   minmay_shoals_entry_beasts, lemuel_old_faithful
Lair:3:   hibernation_bobbens, uniq_nergalle
Lair:4:   minmay_snake_entry_six_corridors, minmay_lair_oklob_bushes,
          forest_entry_grove, lemuel_fruit_tree, lemuel_fruit_fields
Lair:5:   lemuel_fruit_fields
Lair:6:   gammafunk_lair_ancient_temple, dpeg_slime_entry_enclosed_altar,
          nicolae_volcano_entry_s_turn, lemuel_fruit_fields
Shoals:1: argonaut_golden_fleece, st_sunken_temple, uniq_nikola, uniq_aizul
Orc:2:    st_orc_congregation, nicolae_orc_pool_cavern
Bailey:   bailey_axe_bossmonster_kennysheep, bailey
IceCv:    ice_cave_small_giant

Skill      XL: |  1  2  3  4  5  6  7  8  9 10 11 12 13 14 15 16 17 |
---------------+----------------------------------------------------+-----
Earth Magic    | 4 5 6 7 8 9 11 | 11.1
Transmutations | 1 2 3 |  3.0
Conjurations   | 1 2 3 4 6 7 9 10 11 12 | 12.4
Spellcasting   | 3 4 5 6 7 8 9 10 11 12 | 12.0
Fighting       | 2 4 6 8 10 11 12 | 12.1
Armour         | 2 4 7 8 10 11 | 11.7
Fire Magic     | 4 7 |  7.0
Shields        | 7 11 13 14 | 14.2
Maces & Flails | 2 |  2.1
Summonings     | 1 5 |  5.4
Dodging        | |  1.5
Stealth        | |  2.1

Action                   |  1- 3 |  4- 6 |  7- 9 | 10-12 | 13-15 | 16-18 || total
-------------------------+-------+-------+-------+-------+-------+-------++-------
Melee: Spear             |    12 |       |       |       |       |       ||    12
       Whip              |    64 |    96 |       |       |   305 |   182 ||   647
       Dagger            |    13 |       |       |       |       |       ||    13
       Quarterstaff      |       |    16 |    99 |   347 |    18 |       ||   480
Throw: Stone             |       |       |       |       |     1 |       ||     1
 Cast: Sandblast         |    16 |    33 |    83 |   193 |   199 |   140 ||   664
       Petrify           |       |       |     4 |    24 |       |     3 ||    31
       Lee's Rapid Decon |       |       |     3 |    38 |     5 |    18 ||    64
       Stone Arrow       |       |       |       |   153 |   418 |   206 ||   777
       Passwall          |       |       |       |     1 |       |       ||     1
       Fireball          |       |       |       |       |    50 |    56 ||   106
       Orb of Destructio |       |       |       |       |    10 |       ||    10
       Spellforged Servi |       |       |       |       |       |     2 ||     2
 Abil: Fly               |       |       |       |       |     1 |       ||     1
Evoke: Wand              |       |       |       |     2 |       |       ||     2
  Use: Scroll            |       |    12 |     5 |     5 |    17 |     4 ||    43
       Potion            |       |       |       |     5 |     3 |     2 ||    10
 Stab: Sleeping          |     2 |     4 |       |     6 |     4 |     2 ||    18
       Petrified         |       |       |    10 |    26 |       |       ||    36
       Distracted        |       |       |     1 |       |       |       ||     1
       Petrifying        |       |       |     1 |       |       |       ||     1
  Eat: Chunk             |     2 |     7 |    24 |    45 |    62 |    31 ||   171
Armor: Robe              |    48 |    50 |    61 |   319 |   278 |    21 ||   777
       Leather armour    |       |       |       |       |    26 |   144 ||   170
Dodge: Dodged            |    63 |    83 |    87 |   634 |   369 |   145 ||  1381
       Deflected         |       |       |       |    39 |    14 |    12 ||    65
Block: Shield            |       |       |       |       |   197 |   256 ||   453
       Large shield      |       |       |       |       |   119 |       ||   119

Table legend:
 A = Spawn XP
 B = Non-spawn XP
 C = Spawn XP percentage of total XP
 D = Spawn monster count
 E = Non-spawn monster count
 F = Spawn count percentage of total count
 G = Total turns spent on level
                    A         B        C        D         E        F      G
               +---------+---------+-------+---------+---------+-------+---------
         Total |       0 |  158820 |   0.0 |       0 |     845 |   0.0 | 38983
               +---------+---------+-------+---------+---------+-------+---------
           D:1 |       0 |      47 |   0.0 |       0 |      25 |   0.0 |   995
           D:2 |       0 |      24 |   0.0 |       0 |      12 |   0.0 |   691
           D:3 |       0 |     128 |   0.0 |       0 |      35 |   0.0 |  1183
           D:4 |       0 |     191 |   0.0 |       0 |      12 |   0.0 |   831
           D:5 |       0 |     961 |   0.0 |       0 |      13 |   0.0 |   953
           D:6 |       0 |     683 |   0.0 |       0 |      13 |   0.0 |  1078
           D:7 |       0 |    2409 |   0.0 |       0 |      37 |   0.0 |  1637
           D:8 |       0 |    1673 |   0.0 |       0 |      25 |   0.0 |  1015
           D:9 |       0 |    3667 |   0.0 |       0 |      49 |   0.0 |  1956
          D:10 |       0 |    7825 |   0.0 |       0 |      69 |   0.0 |  1975
          D:11 |       0 |    5425 |   0.0 |       0 |      29 |   0.0 |  1018
          D:12 |       0 |    4832 |   0.0 |       0 |      16 |   0.0 |   987
          D:13 |       0 |    7833 |   0.0 |       0 |      30 |   0.0 |  1189
          D:14 |       0 |    9610 |   0.0 |       0 |      38 |   0.0 |  1243
          D:15 |       0 |   20781 |   0.0 |       0 |      42 |   0.0 |  1942
        Lair:1 |       0 |    1039 |   0.0 |       0 |      20 |   0.0 |  1225
        Lair:2 |       0 |    8795 |   0.0 |       0 |      19 |   0.0 |  2176
        Lair:3 |       0 |    6934 |   0.0 |       0 |      46 |   0.0 |  1567
        Lair:4 |       0 |    7693 |   0.0 |       0 |      43 |   0.0 |  1535
        Lair:5 |       0 |    6691 |   0.0 |       0 |      23 |   0.0 |  2209
        Lair:6 |       0 |   12979 |   0.0 |       0 |      33 |   0.0 |  2115
      Shoals:1 |       0 |   25449 |   0.0 |       0 |      47 |   0.0 |  2154
         Orc:1 |       0 |    6385 |   0.0 |       0 |      35 |   0.0 |  2337
         Orc:2 |       0 |   12578 |   0.0 |       0 |     100 |   0.0 |  2726
           Lab |       0 |    1246 |   0.0 |       0 |       1 |   0.0 |  1012
        Bailey |       0 |     758 |   0.0 |       0 |      22 |   0.0 |   537
         IceCv |       0 |    2184 |   0.0 |       0 |      11 |   0.0 |   484
               +---------+---------+-------+---------+---------+-------+---------
